cohdb
Replays
Latest Replays
All Replays
Popular Replays
Top Player Replays
Match Explorer
How It Works
Community
CoH3 Stats
Reddit
Sign in to upload your games and track your stats! →
Sign in with Steam
Match 42785596
Unlisted
Match 42785596
Overview
Messages
Build Orders
End
Kradschützen Motorcycle Team
Selects Italian Combined Arms Battlegroup
Selects Bersaglieri Squad
Bersaglieri Squad
Bersaglieri Squad
Construct Light Support Kompanie
Selects Bersaglieri Bolster
Bersaglieri Squad
Fire Support Elements
Flakvierling Half-track
Pak 38 Mechanized Group
Vehicle Survival Package
Selects Breda Model 30 Light Machine Guns
2.5-tonne Medical Truck
Construct Panzerarmee Kommand
Emergency Repair Kits
Selects Semovente da 75/18 Assault Gun
Selects Strafing Run
Strafing Run
Panzer III L Medium Tank
Strafing Run
Selects Pact of Steel
MrGlaucus
Discoverer
꿀뜨개Honeydipper
WuTFaCe
人老打不动游戏了
Thomas Shelby
.
周末不日常
0
0
Comments
sign in to comment!
No comments posted yet!